 Dungeon Crawl Stone Soup version 0.25-a0-478-g33c61bdccf (webtiles) character file.

Game seed: 15515544452569427421, levelgen mode: deterministic

6 kae the Vexing (level 1, -1/13 HPs)
             Began as a Demonspawn Enchanter on Feb 8, 2020.
             Slain by a gnoll
             ... wielding a +0 spear
              (8 damage)
             ... on level 1 of the Dungeon.
             The game lasted 00:00:20 (514 turns).

kae the Vexing (Demonspawn Enchanter)                Turns: 514, Time: 00:00:20

Health: -1/13      AC:  2    Str:  8    XL:     1   Next: 75%
Magic:  2/3        EV: 12    Int: 16    God:
Gold:   46         SH:  0    Dex: 13    Spells: 3/4 levels left

rFire    . . .     SeeInvis .   a - +1 dagger
rCold    . . .     Gourm    .   (no shield)
rNeg     . . .     Faith    .   b - +0 robe
rPois    .         Spirit   .   (no helmet)
rElec    .         Reflect  .   (no cloak)
rCorr    .         Harm     .   (no gloves)
MR       .....                  (no boots)
Stlth    ++........             (no amulet)
HPRegen  0.04/turn              (no ring)
MPRegen  0.08/turn              (no ring)

@: no status effects
A: no striking features
a: no special abilities


You were on level 1 of the Dungeon.
You were not hungry.

You visited 1 branch of the dungeon, and saw 1 of its levels.

You collected 46 gold pieces.

Inventory:

Hand Weapons
 a - a +1 dagger (weapon)
Armour
 b - a +0 robe (worn)
Comestibles
 d - 2 rations


   Skills:
 * Level 1.2 Short Blades
 + Level 1.8 Dodging
 + Level 2.7 Stealth
 + Level 2.0 Spellcasting
 + Level 3.0 Hexes


You had 3 spell levels left.
You knew the following spells:

 Your Spells              Type           Power        Failure   Level  Hunger
a - Corona                Hex            ##.....      6%          1    #......

Your spell library contained the following spells:

 Spells                   Type           Power        Failure   Level  Hunger
 Ensorcelled Hibernation  Hex/Ice        #.....       17%         2    ###....
 Confusing Touch          Hex            ##......     17%         3    ###....
 Tukima's Dance           Hex            ##......     17%         3    ###....
 Dazzling Flash           Conj/Hex       #.....       32%         3    ###....


Dungeon Overview and Level Annotations

Branches:
Dungeon (1/15)

Altars:


Message History

A gnoll is nearby!
Okay, then.
As you read the scroll labeled USEHUTRICRE, it crumbles to dust.
You feel blessed for a moment.
It was a scroll of remove curse.
You aren't carrying any potions.
You aren't carrying any potions.
Casting: Corona (safe; 6% risk of failure)
Confirm with . or Enter, or press ? or * to list all spells.
Aiming: Corona (safe; 6% risk of failure)
Press: ? - help, Shift-Dir - straight line, f - gnoll
Aim: a gnoll, wielding a +0 spear (chance to defeat MR: 55%)
The gnoll struggles to resist.
The gnoll barely misses you. The gnoll hits you with a +0 spear.
There is an open door here.
You closely miss the gnoll. The gnoll hits you with a +0 spear.
You hit the gnoll.
The gnoll is lightly wounded.
The gnoll hits you with a +0 spear!
Ouch! That really hurt!
You die...

##.#.#(# #....#.#
##.......##
###......###.........#
)..........+.........+
##..#...#.##....[....#
#..##.##.# #.......#
#.....##.# #.....#
#.###.##.# #.g$# #.#
#.##.# #@# #.###.##.#
#.#
#........######.#######
#####.#...............>
#.......######...######
#.###.#.#####.....#
#......###...##
###.##.###..###..
#.##..........#


You could see a gnoll.

Vanquished Creatures
  A dart slug (D:1)
  A goblin (D:1)
  A hobgoblin (D:1)
  A rat (D:1)
4 creatures vanquished.

Notes
Turn   | Place    | Note
-------+----------+-------------------------------------------
     0 | D:1      | kae the Demonspawn Enchanter began the quest for the Orb.
     0 | D:1      | Reached XP level 1. HP: 13/13 MP: 3/3
    39 | D:1      | Reached skill level 1 in Short Blades
   514 | D:1      | Slain by a gnoll

Levels and vault maps discovered:
D:1:      minmay_arrival_solitary_statue, layout_loops_corners

Skill      XL: |  1 |
---------------+----+-----
Short Blades   | 1 |  1.2
Dodging        | |  1.8
Stealth        | |  2.7
Spellcasting   | |  2.0
Hexes          | |  3.0

Action                   || total
-------------------------++-------
Melee: Dagger            ||    25
 Cast: Corona            ||     4
  Use: Scroll            ||     1
Armor: Robe              ||     1
Dodge: Dodged            ||     8

Table legend:
 A = Non-vault XP
 B = Vault XP
 C = Vault XP percentage of total XP
 D = Non-vault monster count
 E = Vault monster count
 F = Vault count percentage of total count
                 A         B        C        D         E       F
            +---------+---------+-------+---------+---------+-------
      Total |       9 |       0 |   0.0 |       4 |       0 |   0.0
            +---------+---------+-------+---------+---------+-------
        D:1 |       9 |       0 |   0.0 |       4 |       0 |   0.0
            +---------+---------+-------+---------+---------+-------
